 Dungeon Crawl Stone Soup version 0.30-a0-605-gb2882149bf (webtiles) character file.

Game seed: 7350563547528402280

5777 themarg the Martial Artist (level 10, 0/121 (127) HPs)
             Began as a Gnoll Transmuter on Jan 7, 2023.
             Was an Elder of Ashenzari.
             Slain by a skeletal warrior
             ... wielding a +0 dire flail
              (7 damage)
             ... on level 9 of the Dungeon on Jan 8, 2023.
             The game lasted 00:19:46 (8120 turns).

themarg the Martial Artist (Gnoll Transmuter)       Turns: 8120, Time: 00:19:47

HP:   0/121 (127)   AC: 32    Str:  9    XL:     10   Next: 78%
MP:   34/34         EV:  2    Int: 18    God:    Ashenzari [****..]
Gold: 454           SH:  5    Dex: 12    Spells: 22/32 levels left

rFire   . . .      SeeInvis +    z - +2 short sword of the Manifest Mutualism {protect, Self, Elem} (curse)
rCold   . . .      Faith    .    p - +0 buckler of the Cursed Regret {Melee, Comp} (curse)
rNeg    . . .      Spirit   .    (body armour currently unavailable)
rPois   +          Reflect  .    (helmet currently unavailable)
rElec   .          Harm     .    (cloak currently unavailable)
rCorr   .          Rampage  .    (gloves currently unavailable)
Will    .....      Clarity  +    (boots currently unavailable)
Stlth   +++        NoTele   +    (no amulet)
HPRegen 0.40/turn                k - ring of the Enigmatic Ordeal {MP+9, Elem, Self} (curse)
MPRegen 0.24/turn                n - ring of Apeoromancy {Wiz, Self, Alch} (curse)

@: tree-form, under a protective aura, lightly drained
A: stationary, stasis, torment immunity, boosted hp, (fangs 1), strong nose,
distributed training
a: Renounce Religion, Curse Item, Shatter the Chains


You were on level 9 of the Dungeon.
You worshipped Ashenzari.
Ashenzari was greatly pleased with you.
You were a tree.
You visited 1 branch of the dungeon, and saw 9 of its levels.

You collected 531 gold pieces.
You spent 77 gold pieces at shops.

Inventory:

Hand Weapons
 z - the cursed +2 short sword of the Manifest Mutualism (weapon) {protect, Self, Elem}
   (You took it off an orc on level 6 of the Dungeon)

   It has a curse which improves the following skills: Introspection: Fighting
   and Spellcasting.
   Elements:  Fire Magic, Ice Magic, Air Magic and Earth Magic.
Missiles
 c - 20 poisoned darts
 f - 102 stones
 x - 4 curare-tipped darts
 C - 5 boomerangs
Armour
 a - the cursed +0 robe of Supernal Understanding (melded) {Cun, Comp}

   It has a curse which improves the following skills: Cunning: Dodging and
   Stealth.
   Companions: Summonings and Necromancy.
 p - the cursed +0 buckler of the Cursed Regret (worn) {Melee, Comp}
   (You found it on level 2 of the Dungeon)

   It has a curse which improves the following skills: Melee Combat: Short
   Blades, Long Blades, Axes, Maces & Flails, Polearms, Staves and Unarmed
   Combat.
   Companions: Summonings and Necromancy.
 q - the cursed +0 pair of boots of Ashenzari's Vexation (melded) {Evo, Range}
   (You found it on level 7 of the Dungeon)

   It has a curse which improves the following skills: Evocations: Evocations.
   Ranged Combat: Ranged Weapons and Throwing.
Jewellery
 k - the cursed ring of the Enigmatic Ordeal (left branch) {MP+9, Elem, Self}
   (You found it on level 2 of the Dungeon)

   [ring of magical power]

   MP:        It affects your magic capacity (+9).
   It has a curse which improves the following skills: Elements: Fire Magic, Ice
   Magic, Air Magic and Earth Magic.
   Introspection: Fighting and Spellcasting.
 n - the cursed ring of Apeoromancy (right branch) {Wiz, Self, Alch}
   (You found it on level 2 of the Dungeon)

   [ring of wizardry]

   It improves your spell success rate.
   It has a curse which improves the following skills: Introspection: Fighting
   and Spellcasting.
   Alchemy:   Poison Magic and Transmutations.
 o - a ring of fire
 r - a ring of see invisible
 u - a ring of willpower
Wands
 y - a wand of flame (8)
 A - a wand of iceblast (10)
Scrolls
 d - 2 scrolls of amnesia
 i - 3 scrolls of fog
 l - a scroll of butterflies
 m - 2 scrolls of teleportation
 t - a scroll of magic mapping
 v - a scroll of brand weapon
 w - a scroll of enchant weapon
 B - 2 scrolls of blinking
Potions
 b - 4 potions of lignification
 e - a potion of curing
 g - a potion of attraction
 h - a potion of flight
 j - 3 potions of brilliance
 s - a potion of haste


   Skills:
 + Level 6.4(10.3) Fighting
 + Level 5.8(7.8) Short Blades
 + Level 5.8(7.8) Long Blades
 + Level 5.8(7.8) Axes
 + Level 5.8(7.8) Maces & Flails
 + Level 5.8(7.8) Polearms
 + Level 5.8(7.8) Staves
 + Level 5.8 Ranged Weapons
 + Level 5.8 Throwing
 + Level 5.8 Armour
 + Level 7.5 Dodging
 + Level 5.8 Stealth
 + Level 5.8 Shields
 + Level 8.9(10.9) Unarmed Combat
 + Level 7.7(11.6) Spellcasting
 + Level 4.8 Conjurations
 + Level 4.8 Hexes
 + Level 4.8(6.7) Summonings
 + Level 4.8(6.7) Necromancy
 + Level 4.8 Translocations
 + Level 6.2(8.2) Transmutations
 + Level 4.8(7.6) Fire Magic
 + Level 4.8(7.6) Ice Magic
 + Level 4.8(7.6) Air Magic
 + Level 4.8(7.6) Earth Magic
 + Level 4.8(6.7) Poison Magic
 + Level 6.4 Invocations
 + Level 5.8 Evocations


You had 22 spell levels left.
You knew the following spells:

 Your Spells              Type           Power      Damage    Failure   Level
a - Beastly Appendage     Tmut           80%        N/A       1%          1
b - Wereblood             Tmut           40%        N/A       1%          2
c - Spider Form           Tmut/Pois      37%        N/A       1%          3
d - Ice Form              Ice/Tmut       39%        N/A       1%          4

Your spell library contained the following spells:

 Spells                   Type           Power      Damage    Failure   Level
 Sting                    Tmut/Pois      100%       1d8       1%          1
 Poisonous Vapours        Pois/Air       72%        N/A       1%          2
 Dazzling Flash           Conj/Hex       54%        N/A       1%          3
 Olgreb's Toxic Radiance  Pois           34%        N/A       2%          4
 Iskenderun's Mystic Bla  Conj/Tloc      27%        2d7       4%          4
 Agony                    Necr           34%        N/A       6%          5
 Silence                  Hex/Air        16%        N/A       8%          5
 Starburst                Conj/Fire      16%        6d6       38%         6


Dungeon Overview and Level Annotations

Branches:
Dungeon (9/15)             Temple (0/1) D:4
   Lair: D:8-11         Orc: D:9-12

Altars:
Ashenzari
Nemelex Xobeh
Wu Jian
The Shining One

Shops:
D:2 (?(   D:4 [!   D:5 [   D:7 =*[


Innate Abilities, Weirdness & Mutations

You are a tree.
Your roots penetrate the ground, keeping you stationary.
You cannot be teleported.
You are immune to unholy pain and torment.
Your maximum health is greatly increased.
Your equipment is partially melded.
((You have very sharp teeth.))
Your uncanny sense of smell can sniff out nearby items.
Your experience applies equally to all skills.


Message History

The skeletal warrior hits you with a +0 dire flail!!
You punch the skeletal warrior! You freeze the skeletal warrior.
The skeletal warrior is severely damaged.
The skeletal warrior barely misses you.
You hit the skeletal warrior.
The skeletal warrior is severely damaged.
The skeletal warrior hits you with a +0 dire flail!
The skeletal warrior hits you with a +0 short sword!!
* * * LOW HITPOINT WARNING * * *
Really quaff the potion of lignification?
You warm up again.
The cursed +2 short sword of the Manifest Mutualism {protect, Self, Elem} unmelds from your body.
The cursed +0 pair of boots of Ashenzari's Vexation {Evo, Range} unmelds from your body.
The cursed +0 buckler of the Cursed Regret {Melee, Comp} unmelds from your body.
The cursed +0 robe of Supernal Understanding {Cun, Comp} unmelds from your body.
The cursed +2 short sword of the Manifest Mutualism {protect, Self, Elem} hums with potential!
You turn into a tree.
The cursed +0 pair of boots of Ashenzari's Vexation {Evo, Range} melds into your body.
The cursed +0 robe of Supernal Understanding {Cun, Comp} melds into your body.
Your roots penetrate the ground.
The skeletal warrior hits you with a +0 short sword!
* * * LOW HITPOINT WARNING * * *
The skeletal warrior hits you with a +0 dire flail.
* * * LOW HITPOINT WARNING * * *
You hit the skeletal warrior but do no damage.
Your weapon exudes an aura of protection.
The skeletal warrior is severely damaged.
You feel better.
You block the skeletal warrior's attack.
The skeletal warrior hits you but does no damage.
You barely miss the skeletal warrior.
The skeletal warrior is severely damaged.
You block the skeletal warrior's attack.
The skeletal warrior hits you with a +0 short sword.
* * * LOW HITPOINT WARNING * * *
You closely miss the skeletal warrior.
The skeletal warrior is severely damaged.
The skeletal warrior hits you but does no damage.
The skeletal warrior hits you with a +0 dire flail!
You die...

#.##..####.##.##.....# *
* * ,
.)##.......##)##)#...##z*
##*
.....#####.##).....?....,
.# ,* ######*
*#.##...$...##.. .# ,* ,
...........#* ∆ .## * *
*#.####.#....#* .. ,* * ,
*. #.#...###.# .#* ,
#.#zz.....###z## * ,
#..♣..######<..# , ,
#.....# #z..# * , ,, *
#.....# #...# *** * **
#.....# ###.# ,* #....?#
*.# * ####### * ,, .# *,
* # *, * * * * * **


You could see 2 skeletal warriors.

Vanquished Creatures
  A two-headed ogre (D:8)
  A skeletal warrior (D:8)
  Pikel (D:7)
  The ghost of tnk the Ruffian, a novice TrGl (D:5)
  An unseen horror (D:6)
  2 wyverns
  A steam dragon (D:6)
  A water moccasin (D:8)
  An orc warrior (D:6)
  A sky beast (D:6)
  5 black bears
  An ice beast (D:5)
  An ogre (D:5)
  3 centaurs (D:8)
  2 phantoms (D:5)
  A lemure (D:7)
  3 necrophages
  2 kobold brigands
  A bullfrog (D:7)
  A scorpion (D:5)
  10 wights
  3 killer bees (D:8)
  3 jellies (D:6)
  5 hounds
  An orc priest (D:6)
  4 iguanas
  6 orc wizards
  9 adders
  3 gnolls (D:3)
  2 white imps (D:7)
  An ufetubus (D:6)
  A worm (D:4)
  3 dart slugs
  17 orcs
  10 endoplasms
  3 giant cockroaches
  8 goblins
  6 hobgoblins
  13 kobolds
  6 ball pythons
  7 bats
  4 frilled lizards
  5 rats
161 creatures vanquished.

Notes
Turn   | Place    | Note
-------+----------+-------------------------------------------
     0 | D:1      | themarg the Gnoll Transmuter began the quest for the Orb.
     0 | D:1      | Reached XP level 1. HP: 17/17 MP: 6/6
   116 | D:1      | Reached XP level 2. HP: 23/23 MP: 5/7
   119 | D:1      | Learned a level 2 spell: Wereblood
   461 | D:1      | Reached skill level 5 in Spellcasting
   461 | D:1      | Reached XP level 3. HP: 26/28 MP: 4/9
   469 | D:1      | Learned a level 3 spell: Spider Form
   766 | D:2      | Reached skill level 1 in Invocations
   799 | D:2      | Found Nanen's Magic Scroll Shop.
   804 | D:2      | Bought a scroll of identify for 22 gold pieces
   805 | D:2      | Bought a scroll of identify for 22 gold pieces
   805 | D:2      | Bought a scroll of teleportation for 33 gold pieces
   846 | D:2      | Found a broken altar of Ashenzari.
   848 | D:2      | Found Axinaetept's Weapon Boutique.
   853 | D:2      | Became a worshipper of Ashenzari the Shackled
  1378 | D:2      | Reached skill level 1 in Short Blades
  1378 | D:2      | Reached skill level 1 in Long Blades
  1378 | D:2      | Reached skill level 1 in Axes
  1378 | D:2      | Reached skill level 1 in Maces & Flails
  1378 | D:2      | Reached skill level 1 in Polearms
  1378 | D:2      | Reached skill level 1 in Staves
  1378 | D:2      | Reached skill level 1 in Ranged Weapons
  1378 | D:2      | Reached skill level 1 in Throwing
  1378 | D:2      | Reached skill level 1 in Armour
  1378 | D:2      | Reached skill level 1 in Stealth
  1378 | D:2      | Reached skill level 1 in Shields
  1378 | D:2      | Reached skill level 1 in Evocations
  1470 | D:2      | Found Fyduomp's Antique Weapon Emporium.
  1601 | D:3      | Reached XP level 4. HP: 34/34 MP: 11/11
  1843 | D:3      | Reached skill level 1 in Conjurations
  1843 | D:3      | Reached skill level 1 in Hexes
  1843 | D:3      | Reached skill level 1 in Summonings
  1843 | D:3      | Reached skill level 1 in Necromancy
  1843 | D:3      | Reached skill level 1 in Translocations
  1843 | D:3      | Reached skill level 1 in Fire Magic
  1843 | D:3      | Reached skill level 1 in Ice Magic
  1843 | D:3      | Reached skill level 1 in Air Magic
  1843 | D:3      | Reached skill level 1 in Earth Magic
  1843 | D:3      | Reached skill level 1 in Poison Magic
  2081 | D:3      | Noticed a black bear
  2090 | D:3      | Killed a black bear
  2091 | D:3      | Reached XP level 5. HP: 32/41 MP: 13/13
  2417 | D:4      | Learned a level 4 spell: Ice Form
  2417 | D:4      | Found Xeimnep's Antique Armour Boutique.
  2774 | D:4      | You fall into a shaft and drop 3 floors!
  2787 | D:7      | Found Bilim's Jewellery Emporium.
  2789 | D:7      | Found Qizasei's Assorted Antiques.
  2789 | D:7      | Found Vaulism's Armour Emporium.
  2792 | D:7      | Noticed a lemure
  2804 | D:7      | Reached skill level 5 in Dodging
  2804 | D:7      | Reached XP level 6. HP: 48/48 MP: 14/14
  2816 | D:7      | Noticed Pikel
  2836 | D:7      | Killed Pikel
  2837 | D:7      | Reached skill level 7 in Unarmed Combat
  2837 | D:7      | Reached XP level 7. HP: 55/55 MP: 16/16
  2855 | D:7      | Reached XP level 8. HP: 56/61 MP: 17/17
  2885 | D:7      | Reached * piety under Ashenzari
  3261 | D:6      | Killed an unseen horror
  3421 | D:5      | Entered Level 5 of the Dungeon
  3435 | D:4      | Found a staircase to the Ecumenical Temple.
  3481 | D:4      | Reached ** piety under Ashenzari
  3573 | D:4      | Identified the cursed +0 pair of boots of Ashenzari's
                  | Vexation {Evo, Range} (You found it on level 7 of the
                  | Dungeon)
  3720 | D:4      | Reached skill level 5 in Transmutations
  3808 | D:4      | Found Ecvucsus's Distillery.
  4235 | D:5      | Reached XP level 9. HP: 71/71 MP: 21/21
  4386 | D:5      | Found an ornate altar of the Wu Jian Council.
  4482 | D:5      | Found a sparkling altar of Nemelex Xobeh.
  4526 | D:5      | Reached skill level 5 in Fighting
  4638 | D:5      | Found a runed translucent gate.
  4638 | D:5      | Found a runed translucent gate.
  4638 | D:5      | Noticed tnk's ghost (novice TrGl)
  4639 | D:5      | Found a runed translucent gate.
  4644 | D:5      | Identified the cursed +0 robe of Supernal Understanding
                  | {Cun, Comp}
  4668 | D:5      | Killed tnk's ghost
  4669 | D:5      | Reached skill level 8 in Unarmed Combat
  4857 | D:5      | Found Gawain's Dragon-Slaying Spoils.
  5006 | D:5      | Reached skill level 5 in Invocations
  5461 | D:6      | Reached *** piety under Ashenzari
  5549 | D:6      | Identified the cursed +0 buckler of the Cursed Regret
                  | {Melee, Comp} (You found it on level 2 of the Dungeon)
  5859 | D:6      | Reached skill level 5 in Short Blades
  5859 | D:6      | Reached skill level 5 in Long Blades
  5859 | D:6      | Reached skill level 5 in Axes
  5859 | D:6      | Reached skill level 5 in Maces & Flails
  5859 | D:6      | Reached skill level 5 in Polearms
  5859 | D:6      | Reached skill level 5 in Staves
  5859 | D:6      | Reached skill level 5 in Ranged Weapons
  5859 | D:6      | Reached skill level 5 in Throwing
  5859 | D:6      | Reached skill level 5 in Armour
  5859 | D:6      | Reached skill level 5 in Stealth
  5859 | D:6      | Reached skill level 5 in Shields
  5859 | D:6      | Reached skill level 5 in Evocations
  5859 | D:6      | Reached XP level 10. HP: 80/80 MP: 23/23
  5888 | D:6      | Reached **** piety under Ashenzari
  6019 | D:7      | Identified the cursed +2 short sword of the Manifest
                  | Mutualism {protect, Self, Elem} (You took it off an orc on
                  | level 6 of the Dungeon)
  6847 | D:8      | Noticed a two-headed ogre
  6854 | D:8      | Killed a two-headed ogre
  7540 | D:8      | Found a glowing golden altar of the Shining One.
  7698 | D:9      | Noticed a skeletal warrior
  7698 | D:9      | Noticed a skeletal warrior
  7698 | D:9      | Noticed a skeletal warrior
  7718 | D:8      | Killed a skeletal warrior
  8116 | D:9      | HP: 6/121 [skeletal warrior/+0 dire flail (1)]
  8120 | D:9      | Slain by a skeletal warrior

Illustrated notes

Levels and vault maps discovered:
D:1:      scummos_arrival_hexagon, layout_rooms, minmay_quantized
D:2:      layout_basic, basic_altar, serial_shops, nicolae_lakefront_shop,
          nicolae_shop_competitors_out_of_business, shop, grunt_ministairs_4
D:3:      layout_basic
D:4:      layout_loops_corners, minmay_temple_entry_offerings, serial_shops,
          shop, nicolae_shop_behind_doors
D:5:      layout_basic, mainiacjoe_overflow_alcove_1, nzn_wu_jian_contemplation,
          gammafunk_ghost_nasty_kobolds, nicolae_shop_dragon_depot
D:6:      layout_gridville
D:7:      layout_basic, nicolae_wooded_promenade, uniq_pikel
D:8:      layout_loops_corners, tso_oasis_becter
D:9:      layout_loops_cross, uniq_psyche

Skill      XL: |  1  2  3  4  5  6  7  8  9 10 |
---------------+-------------------------------+-----
Spellcasting   | 5 6 7 |  7.7
Invocations    | 1 2 3 4 5 6 |  6.4
Short Blades   | 1 2 3 5 |  5.8
Long Blades    | 1 2 3 5 |  5.8
Axes           | 1 2 3 5 |  5.8
Maces & Flails | 1 2 3 5 |  5.8
Polearms       | 1 2 3 5 |  5.8
Staves         | 1 2 3 5 |  5.8
Ranged Weapons | 1 2 3 5 |  5.8
Throwing       | 1 2 3 5 |  5.8
Armour         | 1 2 3 5 |  5.8
Stealth        | 1 2 3 5 |  5.8
Shields        | 1 2 3 5 |  5.8
Evocations     | 1 2 3 5 |  5.8
Conjurations   | 1 2 3 4 |  4.8
Hexes          | 1 2 3 4 |  4.8
Summonings     | 1 2 3 4 |  4.8
Necromancy     | 1 2 3 4 |  4.8
Translocations | 1 2 3 4 |  4.8
Fire Magic     | 1 2 3 4 |  4.8
Ice Magic      | 1 2 3 4 |  4.8
Air Magic      | 1 2 3 4 |  4.8
Earth Magic    | 1 2 3 4 |  4.8
Poison Magic   | 1 2 3 4 |  4.8
Fighting       | 3 4 5 6 |  6.4
Transmutations | 4 5 6 |  6.2
Dodging        | 5 6 7 |  7.5
Unarmed Combat | 7 8 |  8.9

Action                   |  1- 3 |  4- 6 |  7- 9 | 10-12 || total
-------------------------+-------+-------+-------+-------++-------
Melee: Unarmed           |    69 |    61 |   187 |   103 ||   420
       Headbutt          |     4 |       |       |       ||     4
       Bite              |     4 |       |       |       ||     4
       Kick              |     8 |       |       |       ||     8
       Punch             |     2 |       |       |       ||     2
       Short sword       |       |       |       |     3 ||     3
 Cast: Beastly Appendage |    20 |       |       |       ||    20
       Wereblood         |     2 |     2 |     3 |     6 ||    13
       Spider Form       |     2 |    11 |     1 |       ||    14
       Ice Form          |       |     2 |    28 |    12 ||    42
Invok: Curse Item        |       |     1 |     4 |     1 ||     6
Evoke: Wand              |       |       |       |     3 ||     3
  Use: Scroll            |     2 |     1 |       |       ||     3
       Potion            |       |       |     1 |     3 ||     4
 Stab: Sleeping          |     3 |     1 |     3 |     1 ||     8
Armor: Robe              |     5 |       |       |       ||     5
       Skin              |       |     5 |    59 |    25 ||    89
Dodge: Dodged            |    33 |    45 |    75 |    46 ||   199
Block: Buckler           |       |       |       |     2 ||     2

Table legend: (Time is in decaauts)
 A = Elapsed time spent in this place.
 B = Non-inter-level travel time spent in this place.
 C = Inter-level travel time spent in this place.
 D = Time resting spent in this place.
 E = Time spent auto-exploring this place.
 F = Levels seen in this place.
 G = Mean time per level.
                   A        B        C        D        E       F      G
               +--------+--------+--------+--------+--------+-----+--------+
         Total |   8064 |   7850 |    214 |    592 |   6037 |   9 |  896.0 |
       Dungeon |   8064 |   7850 |    214 |    592 |   6037 |   9 |  896.0 |
               +--------+--------+--------+--------+--------+-----+--------+

Top non-repeatable levels by time:
     D:8: 1558 daAuts
     D:4: 1120 daAuts
     D:6: 1029 daAuts
     D:2: 1002 daAuts
     D:5: 947 daAuts
     D:7: 939 daAuts
     D:3: 814 daAuts
     D:1: 581 daAuts
     D:9: 71 daAuts
